 Dungeon Crawl Stone Soup version 0.14-a0-2618-g5301534 (webtiles) character file.

213 Kae the Ruffian (level 4, -2/35 HPs)
             Began as a Draconian Transmuter on Feb 14, 2014.
             Slain by a worm (9 damage)
             ... on Level 2 of the Dungeon.
             The game lasted 00:02:45 (1886 turns).

Kae the Ruffian (Draconian Transmuter)              Turns: 1886, Time: 00:02:45

HP  -2/35        AC  5     Str 13      XL: 4   Next: 31%
MP   6/7         EV 12     Int 13      God:
Gold 124         SH  0     Dex 12      Spells:  2 memorised,  4 levels left

rFire  . . .     SeeInvis .       - Unarmed
rCold  . . .     Clarity  .     (armour unavailable)
rNeg   . . .     Conserve .     (no shield)
rPois  .         rCorr    .     (helmet restricted)
rElec  .         rRot     .     (no cloak)
SustAb . .       Spirit   .     (no gloves)
rMut   .         Warding  .     (no boots)
Saprov . . .     Stasis   .     (no amulet)
MR     .....                    (no ring)
                                (no ring)

@: appendage (expiring), not resistant to hostile enchantments, unstealthy
A: unfitting armour, horns 2, AC +5
a: End Transformation


You were on level 2 of the Dungeon.
You were not hungry.
You had grown temporary horns.
You visited 1 branch of the dungeon, and saw 2 of its levels.

You collected 124 gold pieces.

Inventory:

Missiles
 b - 7 arrows
Magical devices
 n - a wand of slowing (3)
Comestibles
 a - 2 bread rations
 k - a meat ration
 m - 13 strawberries
Scrolls
 c - a scroll of remove curse {unknown}
 e - a scroll of enchant weapon II {unknown}
 g - a scroll of curse armour {unknown}
 h - a scroll of immolation {unknown}
 j - a scroll of identify {unknown}
 l - a scroll of amnesia {unknown}
Potions
 f - a potion of curing
 i - a potion of resistance {unknown}
Books
 d - a book of Changes

   Spells                             Type                      Level
   *Beastly Appendage                 Transmutation                1
   *Sticks to Snakes                  Transmutation                2
   Spider Form                        Transmutation/Poison         3
   Ice Form                           Ice/Transmutation            4
   Blade Hands                        Transmutation                5


   Skills:
 - Level 1.1 Fighting
 - Level 1.7 Dodging
 * Level 4.5 Unarmed Combat
 - Level 2.0 Spellcasting
 + Level 3.1 Transmutations


You had 4 spell levels left.
You knew the following spells:

 Your Spells              Type           Power        Failure   Level  Hunger
a - Beastly Appendage     Trmt           #.....       10%         1    ##.....
b - Sticks to Snakes      Trmt           #.........   12%         2    ###....


Dungeon Overview and Level Annotations

Branches:
Dungeon (2/16)

Altars:


Innate Abilities, Weirdness & Mutations

Your plain brown scales are hard (AC +5).
Your body does not fit into most forms of armour.
Your cold-blooded metabolism reacts poorly to cold.
You have a pair of horns on your head.


Message History

The worm is heavily wounded.
Your transformation is almost over.
The worm bites you.
You barely miss the worm.
The worm is heavily wounded.
The worm bites you!
* * * LOW HITPOINT WARNING * * *
You are too injured to fight recklessly!
You are too injured to fight recklessly!
You are too injured to fight recklessly!
You are too injured to fight recklessly!
You are too injured to fight recklessly!
You are too injured to fight recklessly!
You are too injured to fight recklessly!
You hit the worm.
The worm is severely wounded.
You hit the worm. Your headbutt misses the worm. You tail-slap the worm.
The worm is almost dead.
The worm bites you!
You die...

#.#...#.....# #......# #.#
..###.##....# #......# #.#
.......%....# #......# #.#
......##....# #......# #.#
.##...##....# ##.##### #.#
.##...# ..# #.# #######.####.
.##...# ## #.# #............
.##...####### #.# #.#####.#####
.##..........###@####............
..#............w...########)#####
..####...........................
..# .................####.#####
..# .................# #.# ..#
................# #.# ..#
................# #.# ..#
...?...........# #+# ##
....####......#


You could see a worm.

Vanquished Creatures
  Terence (D:2)
  3 adders (D:2)
  10 bats
  3 giant cockroaches
  6 goblins
  A hobgoblin (D:1)
  A quokka (D:2)
  2 giant newts
  8 kobolds (D:1)
  5 rats (D:1)
40 creatures vanquished.

Vanquished Creatures (collateral kills)
  An adder (D:2)
  A worm (D:2)
  A hobgoblin (D:2)
3 creatures vanquished.

Grand Total: 43 creatures vanquished

Notes
Turn   | Place    | Note
--------------------------------------------------------------
     0 | D:1      | Kae, the Draconian Transmuter, began the quest for the Orb.
     0 | D:1      | Reached XP level 1. HP: 16/16 MP: 3/3
   289 | D:1      | Reached XP level 2. HP: 20/23 MP: 4/4
  1274 | D:1      | Reached XP level 3. HP: 26/28 MP: 6/6
  1299 | D:2      | HP: 1/28 [poisoned by an adder]
  1338 | D:2      | Learned a level 2 spell: Sticks to Snakes
  1355 | D:2      | Reached skill level 4 in Unarmed Combat
  1736 | D:2      | Reached XP level 4. HP: 28/35 MP: 7/7
  1739 | D:2      | Noticed Terence
  1761 | D:2      | Killed Terence
  1886 | D:2      | Slain by a worm

Action                   |  1- 3 |  4- 6 || total
-------------------------+-------+-------++-------
Melee: Unarmed           |   169 |    20 ||   189
 Cast: Beastly Appendage |     2 |     1 ||     3
       Sticks to Snakes  |     4 |     1 ||     5
  Use: Potion            |     2 |       ||     2
